 Dungeon Crawl Stone Soup version 0.23.0 (webtiles) character file.

Game seed: 2463821573534437820

26 Ivernyr the Magician (level 3, -1/28 HPs)
             Began as a Naga Wizard on Feb 19, 2019.
             Slain by Terence
             ... wielding a +0 trident
              (7 damage)
             ... on level 2 of the Dungeon.
             The game lasted 00:02:59 (1323 turns).

Ivernyr the Magician (Naga Wizard)                  Turns: 1323, Time: 00:03:00

Health: -1/28      AC:  2    Str:  9    XL:     3   Next: 8%
Magic:  0/7        EV: 10    Int: 19    God:
Gold:   67         SH:  0    Dex:  9    Spells: 5/8 levels left

rFire    . . .     SeeInvis +   (no weapon)
rCold    . . .     Gourm    .   (no shield)
rNeg     . . .     Faith    .   a - +0 robe
rPois    +         Spirit   .   b - +0 hat
rElec    .         Reflect  .   (no cloak)
rCorr    .         Harm     .   (no gloves)
MR       .....                  (no barding)
Stlth    ++........             (no amulet)
HPRegen  0.09/turn              (no ring)
MPRegen  0.10/turn              (no ring)

@: lethally poisoned (-1 -> -3), short of breath, very slow
A: large, see invisible, deformed body, poison resistance, slowness 2, slow
metabolism 1, spit poison 1, AC +1
a: Spit Poison


You were on level 2 of the Dungeon.
You were not hungry.

You visited 1 branch of the dungeon, and saw 2 of its levels.

You collected 67 gold pieces.

Inventory:

Armour
 a - a +0 robe (worn)
 b - a +0 hat (worn)
Scrolls
 c - a scroll of remove curse {unknown}
 e - a scroll of enchant armour {unknown}
 g - 2 scrolls of identify {unknown}
Comestibles
 d - 5 rations


   Skills:
 + Level 2.0 Dodging
 - Level 3.0 Stealth
 + Level 3.2 Spellcasting
 * Level 2.1 Conjurations
   Level 1.0 Summonings
 - Level 1.0 Translocations


You had 5 spell levels left.
You knew the following spells:

 Your Spells              Type           Power        Failure   Level  Hunger
a - Magic Dart            Conj           ##..         6%          1    None
b - Blink                 Tloc           N/A          16%         2    ##.....

Your spell library contained the following spells:

 Spells                   Type           Power        Failure   Level  Hunger
 Call Imp                 Summ           #.......     16%         2    ##.....
 Slow                     Hex            #.......     22%         2    ##.....
 Conjure Flame            Conj/Fire      #.......     28%         3    ###....
 Mephitic Cloud           Conj/Pois/Air  #.......     32%         3    ###....


Dungeon Overview and Level Annotations

Branches:
Dungeon (2/15)

Altars:

Annotations:
D:2 Terence


Innate Abilities, Weirdness & Mutations

You cannot wear boots.
Your serpentine skin is tough. (AC +1)
You have supernaturally acute eyesight. (SInv)
Armour fits poorly on your strangely shaped body.
Your system is resistant to poisons. (rPois)
You cover ground very slowly.
You have a slow metabolism.
You can spit poison.


Message History

The magic dart hits the adder but does no damage.
The adder is severely wounded.
The adder bites you.
Press: ? - help, Shift-Dir - straight line, f/p - Terence
Aim: Terence, wielding a +0 trident and wearing a +0 chain mail (lightly wounded)
The splash of poison hits the adder.
The adder is poisoned.
The adder is almost dead.
You feel slightly more hungry.
You kill the adder!
Your Dodging skill increases to level 2!
Your Conjurations skill increases to level 2!
You have reached level 3!
Your experience leads to an increase in your attributes!
Increase (S)trength, (I)ntelligence, or (D)exterity?
You feel clever.
Your skin feels tougher.
Terence hits you from afar with a +0 trident.
* * * LOW HITPOINT WARNING * * *
You feel sick.
Terence hits you from afar with a +0 trident!
You die...

............##..
####....#...#
##.#.##.## #
#.#.##.## ..
#.#.#...##...#
#.#...#......#
#.#...##....
#.#...##....
#...@.......
#.#...##....
...##@## ...
....†......S...
.....>.##.###.###
###..#. #.# #.##.
... #. .. ... ...


You could see Terence.

Vanquished Creatures
  An adder (D:2)
  A leopard gecko (D:1)
  2 bats (D:1)
  3 goblins (D:1)
  2 hobgoblins (D:1)
  A kobold (D:1)
  A frilled lizard (D:1)
  4 rats
15 creatures vanquished.

Notes
Turn   | Place    | Note
-------+----------+-------------------------------------------
     0 | D:1      | Ivernyr the Naga Wizard began the quest for the Orb.
     0 | D:1      | Reached XP level 1. HP: 15/15 MP: 4/4
   417 | D:1      | Reached XP level 2. HP: 22/22 MP: 3/6
   421 | D:1      | Learned a level 2 spell: Blink
  1313 | D:2      | Noticed Terence
  1322 | D:2      | Reached XP level 3. HP: 12/28 MP: 0/7
  1323 | D:2      | Slain by Terence

Skill      XL: |  1  2 |
---------------+-------+-----
Dodging        | 2 |  2.0
Conjurations   | 2 |  2.1
Stealth        | |  3.0
Spellcasting   | |  3.2
Summonings     | |  1.0
Translocations | |  1.0

Action                   || total
-------------------------++-------
Melee: Unarmed           ||    15
 Cast: Magic Dart        ||    20
 Abil: Spit Poison       ||    15
  Eat: Chunk             ||     1
Armor: Robe              ||     4
Dodge: Dodged            ||    19
